 Dungeon Crawl Stone Soup version 0.19.5 (webtiles) character file.

37 Gargoyl the Skirmisher (level 3, 0/33 HPs)
             Began as a Ghoul Abyssal Knight on Apr 6, 2017.
             Was a Follower of Lugonu.
             Slain by a worm (5 damage)
             ... on level 2 of the Dungeon.
             The game lasted 00:02:04 (798 turns).

Gargoyl the Skirmisher (Ghoul Abyssal Knight)        Turns: 798, Time: 00:02:05

Health: 0/33       AC:  9    Str: 15    XL:     3   Next: 41%
Magic:  3/3        EV:  6    Int:  7    God:    Lugonu [*.....]
Gold:   115        SH:  0    Dex:  9    Spells: 0 memorised, 2 levels left

rFire  . . .     SeeInvis .     a - +2 hand axe
rCold  + . .     Gourm    .     e - +1 chain mail
rNeg   + + +     Faith    .     (no shield)
rPois  ∞         Spirit   .     (no helmet)
rElec  .         Reflect  .     (no cloak)
rCorr  .         Harm     .     (no gloves)
MR     .....                    (no boots)
Stlth  ..........               (no amulet)
                                (no ring)
                                (no ring)

@: rotting
A: rotting body, claws 1, carnivore 3, cold resistance 1, negative energy
resistance 3, slow regeneration 1, torment resistance, unbreathing
a: Depart the Abyss, Renounce Religion


You were on level 2 of the Dungeon.
You worshipped Lugonu.
Lugonu was aware of your devotion.
You were not hungry.

You visited 1 branch of the dungeon, and saw 2 of its levels.
You visited the Abyss 1 time.

You collected 115 gold pieces.

Inventory:

Hand Weapons
 a - a +2 hand axe (weapon)
Armour
 e - a +1 chain mail (worn)
Potions
 f - a potion of brilliance
 h - a potion of curing {unknown}
 j - 2 potions of agility {unknown}
Comestibles
 d - 5 chunks of flesh


   Skills:
 + Level 3.9 Fighting
 + Level 2.1 Axes
 * Level 2.1 Armour
 + Level 1.1 Dodging
 * Level 2.4 Invocations


You had 2 spell levels left.
You didn't know any spells.

Dungeon Overview and Level Annotations

Branches:
Dungeon (2/15)

Altars:
Nemelex Xobeh


Innate Abilities, Weirdness & Mutations

Your body is rotting away.
You thrive on raw meat.
You are immune to poison.
You have sharp fingernails.
You are carnivorous and can eat meat at any time.
Your flesh is cold resistant. (rC+)
You are immune to negative energy. (rN+++)
You regenerate slowly when monsters are visible.
You are immune to unholy pain and torment.
You can survive without breathing.


Message History

You kill the leopard gecko!
Lugonu accepts your kill. The adder bites you.
The adder bites you but does no damage. The worm bites you.
* * * LOW HITPOINT WARNING * * *
You closely miss the adder.
The adder is almost dead.
Your chain mail prevents you from hitting the worm.
The adder barely misses you.
Unknown command.
The adder bites you.
* * * LOW HITPOINT WARNING * * *
You see here a leopard gecko corpse.
You butcher the leopard gecko corpse.
The adder completely misses you. The adder bites you but does no damage.
You see here 2 chunks of flesh.
Eat one of 5 chunks of flesh? (ye/n/q)
You start eating one of the 5 chunks of flesh.
The adder bites you but does no damage. The worm bites you.
You die...

###.##..###.....#
#.......#######......
#.......#............#
#.......#............#
#...#####.............
#..## #.............
#..# ##.............
#..# #......w.....#.
#..# #.....@S.......
#).# #.......)......
#..# ##.............$
#..# #...............
#..# ##.###########...
#..# #..# ## #..###.##
#..##.[# #..##.##


You could see a worm and an adder.

Vanquished Creatures
  A worm (D:2)
  A dart slug (D:1)
  3 leopard geckos
  2 giant cockroaches
  3 goblins (D:1)
  3 hobgoblins
  4 jackals (D:1)
  4 kobolds (D:1)
  A quokka (D:2)
  A bat (D:1)
  A frilled lizard (D:1)
  A rat (D:1)
25 creatures vanquished.

Notes
Turn   | Place    | Note
-------+----------+-------------------------------------------
     0 | Abyss:1  | Gargoyl the Ghoul Abyssal Knight began the quest for the Orb.
     0 | Abyss:1  | Reached XP level 1. HP: 19/19 MP: 1/1
    41 | Abyss:1  | Found a corrupted altar of Lugonu.
    81 | Abyss:1  | Noticed a small abomination
    87 | Abyss:1  | Noticed a ynoxinul
    89 | D:1      | Escaped the Abyss
   126 | D:1      | Reached * piety under Lugonu
   202 | D:1      | Found a sparkling altar of Nemelex Xobeh.
   271 | D:1      | Reached skill level 1 in Dodging
   271 | D:1      | Reached XP level 2. HP: 25/26 MP: 2/2
   648 | D:1      | Reached XP level 3. HP: 31/33 MP: 3/3
   798 | D:2      | Slain by a worm

Skill      XL: |  1  2  3 |
---------------+----------+-----
Dodging        | 1 |  1.1
Axes           | 2 |  2.1
Armour         | 2 |  2.1
Fighting       | |  3.9
Invocations    | |  2.4

Action                   || total
-------------------------++-------
Melee: Hand axe          ||    85
Invok: Depart the Abyss  ||     1
  Use: Scroll            ||     7
  Eat: Chunk             ||    10
       Meat ration       ||     1
Armor: Chain mail        ||    94
Dodge: Dodged            ||    54
